AoeStats
← HanniBaalTricks

Pilgrims

508543801Analyzed
3v3 RM · 11d ago on Sep 23, 2026· 57m 37s· 6 players
Game mode
Random Map
Map size
Normal (6 player)
Population
200
Speed
Normal
Resources
Standard
Victory
Conquest
Starting age
Dark Age
Ending age
Imperial Age
RankedLock teamsTeams togetherTeam positionsShared explorationLock speedFull tech treeHidden civsTurbo modeCheats
Victory
Defeat
🇺🇸 Varangians · United States
1209
+14
🇺🇸 Danes · United States
1207
+14
🇺🇸 Saxons · United States
1185
+15
🇨🇴 Japanese · Colombia
1174
-15
🇦🇷 Vikings · Argentina
1162
-14
🇨🇴 Berbers · Colombia
1158
-14
AGUS-Penelope Paterson
1:30 Loom
14:18 Feudal Age
17:59 Castle Age
18:25 Double-Bit Axe
19:38 Medium Warships
20:14 Bow Saw
HanniBaalTricks
3:30 Loom
11:57 Feudal Age
12:26 Double-Bit Axe
18:07 Fletching
18:50 Town Watch
21:37 Castle Age
40:49 Horse Collar
43:21 Bodkin Arrow
FishX
8:57 Loom
11:24 Feudal Age
15:39 Castle Age
14:05 Fishing Lines
17:25 Gold Mining
17:24 Double-Bit Axe
22:42 Scale Barding Armor
26:32 Gillnets
30:13 Fletching
31:49 Bodkin Arrow
36:06 Imperial Age
36:28 Forging
37:22 Scale Mail Armor
40:44 Wheelbarrow
41:44 Man-at-Arms
42:10 Gambesons
42:25 Squires
42:33 Long Swordsman
43:32 Chain Mail Armor
43:52 Iron Casting
43:34 Hand Cart
44:09 Gold Shaft Mining
43:15 Two-Handed Swordsman
46:03 Plate Mail Armor
46:43 Blast Furnace
45:12 Champion
J G Wentworth
8:57 Loom
10:54 Feudal Age
14:53 Castle Age
13:21 Double-Bit Axe
14:01 Fishing Lines
14:43 Stone Mining
15:50 Town Watch
16:32 Bloodlines
20:06 Scale Barding Armor
20:14 Husbandry
21:16 Fletching
22:12 Medium Warships
27:43 Stone Mining
28:14 Devotion
29:01 Wheelbarrow
28:35 Gold Mining
36:14 Hand Cart
41:30 Imperial Age
40:51 Bow Saw
43:46 Horse Collar
44:07 Elite Varangian Guard
45:37 Scale Mail Armor
46:07 Conscription
45:44 Gambesons
47:59 Heavy Plow
48:04 Squires
49:33 Chain Mail Armor
49:10 Gothikon
51:11 Plate Mail Armor
52:57 Conscription
54:07 Forging
53:43 Spies/Treason
Wucky the Plucky Ducky
8:38 Loom
10:23 Feudal Age
10:48 Man-at-Arms
12:03 Fishing Lines
13:02 Arson
13:12 Double-Bit Axe
14:07 Forging
14:27 Scale Mail Armor
14:31 Loom
17:38 Town Watch
20:58 Wheelbarrow
23:38 Castle Age
23:58 Gold Mining
23:58 Stone Mining
24:32 Squires
24:23 Gambesons
24:56 Chain Mail Armor
25:02 Horse Collar
25:32 Gillnets
28:32 Bow Saw
29:58 Iron Casting
28:52 Hamask
32:31 Elite Skirmisher
33:57 Fletching
34:08 Padded Archer Armor
34:50 Bodkin Arrow
39:15 Imperial Age
39:31 Leather Archer Armor
39:40 Ballistics
40:22 Conscription
40:33 Plate Mail Armor
40:09 Bracer
41:59 Elite Jomsviking
42:56 Elite Varangian Guard
44:40 Long Swordsman
48:48 Blast Furnace
50:09 Elite Longship
52:46 Shipwright
54:22 Chemistry
53:00 Spies/Treason
I don't believe in wiping
7:47 Loom
10:28 Feudal Age
12:48 Horse Collar
14:10 Fletching
14:52 Double-Bit Axe
19:04 Castle Age
22:52 Crossbowman
23:46 Bodkin Arrow
26:40 Padded Archer Armor
32:13 Leather Archer Armor
36:57 Wheelbarrow
36:33 Bow Saw
36:24 Heavy Plow
42:03 Imperial Age
41:04 Ballistics
41:09 Thumb Ring
42:13 Arbalester
42:54 Bracer
46:57 Chemistry
52:37 Spies/Treason
Connection lost

Rejoining the realm…

Still unreachable

The connection could not be restored.

Session expired

The server has moved on; the page needs a fresh start.